 Dungeon Crawl Stone Soup version 0.19-a0-1697-g0595f0e (webtiles) character file.

155 KristoblXynda the Sneak (level 5, -1/24 HPs)
             Began as a Spriggan Enchanter on Sept 26, 2016.
             Slain by Ishikai's ghost (8 damage)
             ... on level 3 of the Dungeon.
             The game lasted 00:05:50 (2688 turns).

KristoblXynda the Sneak (Spriggan Enchanter)        Turns: 2688, Time: 00:05:51

Health: -1/24      AC:  4    Str:  4    XL:     5   Next: 14%
Magic:  0/11       EV: 18    Int: 17    God:
Gold:   121        SH:  0    Dex: 17    Spells: 3 memorised, 5 levels left

rFire  . . .     SeeInvis +     o - +3 dagger (flame)
rCold  . . .     Gourm    .     b - +1 robe
rNeg   . . .     Faith    .     (shield restricted)
rPois  .         Spirit   .     (helmet restricted)
rElec  .         Dismiss  .     (no cloak)
rCorr  .         Reflect  .     (gloves unavailable)
MR     .....     Harm     .     (boots unavailable)
Stlth  ++++......               (no amulet)
                                (no ring)
                                (no ring)

@: very quick
A: unfitting armour, see invisible, herbivore 3, speed 3, slow metabolism 2
a: no special abilities


You were on level 3 of the Dungeon.
You were very hungry.

You visited 1 branch of the dungeon, and saw 3 of its levels.

You collected 121 gold pieces.

Inventory:

Hand Weapons
 o - a +3 dagger of flaming (weapon)
Armour
 b - a +1 robe (worn)
Jewellery
 a - a +3 ring of protection {unknown}
Scrolls
 e - a scroll of random uselessness {unknown}
 f - a scroll of immolation
 g - 3 scrolls of remove curse
 l - 2 scrolls of identify
Potions
 n - a potion of cure mutation {unknown}
Books
 c - a book of Maledictions

   Spells                             Type                      Level
   a - Corona                         Hexes                        1
   b - Ensorcelled Hibernation        Hexes/Ice                    2
   c - Confuse                        Hexes                        3
   d - Tukima's Dance                 Hexes                        3
   e - Dazzling Spray                 Conjuration/Hexes            3
Comestibles
 d - 3 bread rations


   Skills:
 - Level 1.1 Short Blades
 - Level 3.0 Dodging
 + Level 6.6 Stealth
 + Level 3.9 Spellcasting
 + Level 5.1 Hexes


You had 5 spell levels left.
You knew the following spells:

 Your Spells              Type           Power        Failure   Level  Hunger
a - Corona                Hex            ###....      1%          1    None
b - Ensorcelled Hibernat  Hex/Ice        ##....       10%         2    ##.....
c - Confuse               Hex            ###.....     8%          3    ###....


Dungeon Overview and Level Annotations

Branches:
Dungeon (3/15)

Altars:
Ru

Annotations:
D:3 Ishikai's ghost, amateur TrAr


Innate Abilities, Weirdness & Mutations

You are very small and have problems with some larger weapons.
You are too small for most types of armour.
You have supernaturally acute eyesight. (SInv)
You are a herbivore.
You cover ground extremely quickly.
You need consume almost no food.


Message History

Confirm with . or Enter, or press ? or * to list all spells.
Aiming: Confuse
Press: ? - help, Shift-Dir - straight line, f/p - Ishikai's ghost
Aim: Ishikai's ghost (almost destroyed, chance to defeat MR: 38%) Ishikai's ghost resists with some effort.
You feel better.
You barely miss Ishikai's ghost.
Ishikai's ghost is almost destroyed.
Ishikai's ghost hits you!
* * * LOW HITPOINT WARNING * * *
Casting: Confuse
Confirm with . or Enter, or press ? or * to list all spells.
Aiming: Confuse
Press: ? - help, Shift-Dir - straight line, f/p - Ishikai's ghost
Aim: Ishikai's ghost (almost destroyed, chance to defeat MR: 38%) Ishikai's ghost appears confused.
You completely miss Ishikai's ghost.
Ishikai's ghost is almost destroyed.
Ishikai's ghost hits you!
You die...

#........#
#.#.#######
#........# #.#.#
#...)....# #.#.#
#####....# #.#.#
#....####)#.#
#.........#'##
#....#.......#
#..W.'.......#
######
####@#.......#
.....#
###.#.......#
####.#
#...#.......#
####.#
#.###.......#
#....# #.#
#########
#.##.## #.#
#.#.#.########.#
...............#
#.#.#.#.########


You could see Ishikai's ghost (confused).

Vanquished Creatures
  A worker ant (D:3)
  6 adders
  2 oozes
  3 worms
  3 dart slugs (D:1)
  An orc (D:3)
  2 giant cockroaches
  5 goblins
  8 hobgoblins
  7 kobolds
  2 quokkas (D:3)
  7 bats
  3 frilled lizards
  7 rats
57 creatures vanquished.

Notes
Turn   | Place    | Note
-------+----------+-------------------------------------------
     0 | D:1      | KristoblXynda the Spriggan Enchanter began the quest for the Orb.
     0 | D:1      | Reached XP level 1. HP: 9/9 MP: 5/5
   478 | D:1      | Reached XP level 2. HP: 13/13 MP: 6/6
   495 | D:1      | Learned a level 2 spell: Ensorcelled Hibernation
   518 | D:1      | Reached skill level 5 in Stealth
   911 | D:2      | Reached XP level 3. HP: 16/16 MP: 8/8
  1334 | D:2      | Found a sacrificial altar of Ru.
  1346 | D:2      | Reached XP level 4. HP: 8/21 MP: 2/10
  1354 | D:2      | Reached skill level 6 in Stealth
  2238 | D:3      | Noticed Ishikai's ghost (amateur TrAr)
  2252 | D:3      | Reached skill level 5 in Hexes
  2276 | D:3      | Learned a level 3 spell: Confuse
  2287 | D:3      | Reached XP level 5. HP: 15/24 MP: 1/11
  2688 | D:3      | Slain by Ishikai's ghost

Vault maps used:
D:1:      eino_arrival_cavern_a
D:2:      nicolae_ru_great_annihilating_truth
D:3:      first_bread, st_stairs_9

Skill      XL: |  1  2  3  4 |
---------------+-------------+-----
Stealth        | 5 6 |  6.6
Spellcasting   | 3 |  3.9
Hexes          | 4 5 |  5.1
Short Blades   | |  1.1
Dodging        | |  3.0

Action                   |  1- 3 |  4- 6 || total
-------------------------+-------+-------++-------
Melee: Dagger            |   115 |   108 ||   223
 Cast: Ensorcelled Hiber |     6 |    11 ||    17
       Confuse           |       |     6 ||     6
  Use: Potion            |     1 |     2 ||     3
       Scroll            |       |     6 ||     6
 Stab: Sleeping          |    13 |     7 ||    20
       Paralysed         |       |     1 ||     1
       Confused          |       |     1 ||     1
Armor: Robe              |    20 |     7 ||    27
Dodge: Dodged            |    90 |    67 ||   157
